 Dungeon Crawl Stone Soup version 0.25.0-37-gb73750e0fb (webtiles) character file.

Game seed: 3576208886315901005

30 Peloso the Skirmisher (level 3, -1/31 HPs)
             Began as a Ghoul Fighter on July 9, 2020.
             Slain by Terence
             ... wielding a +0 hand axe
              (4 damage)
             ... on level 2 of the Dungeon.
             The game lasted 00:02:31 (983 turns).

Peloso the Skirmisher (Ghoul Fighter)                Turns: 983, Time: 00:02:32

Health: -1/31      AC:  6    Str: 19    XL:     3   Next: 18%
Magic:  2/2        EV:  5    Int:  3    God:
Gold:   23         SH: 13    Dex:  9    Spells: 2/2 levels left

rFire    . . .     SeeInvis .   a - +0 long sword
rCold    + . .     Gourm    .   c - +0 tower shield
rNeg     + + +     Faith    .   b - +0 scale mail
rPois    ∞         Spirit   .   (no helmet)
rElec    .         Reflect  .   (no cloak)
rCorr    .         Harm     .   (no gloves)
MR       .....                  (no boots)
Stlth    ..........             (no amulet)
HPRegen  0.00/turn              h - ring of attention (curse)
MPRegen  0.08/turn              k - -4 ring of slaying (curse)

@: rotting
A: rotting body, claws 1, carnivore, cold resistance 1, negative energy
resistance 3, inhibited regeneration, torment resistance, unbreathing
a: no special abilities


You were on level 2 of the Dungeon.
You were not hungry.

You visited 1 branch of the dungeon, and saw 2 of its levels.

You collected 23 gold pieces.

Inventory:

Hand Weapons
 a - a +0 long sword (weapon)
Missiles
 j - 20 bolts
Armour
 b - a +0 scale mail (worn)
 c - a +0 tower shield (worn)
Jewellery
 h - a cursed ring of attention (left claw)
 k - a cursed -4 ring of slaying (right claw)
Scrolls
 e - 2 scrolls of teleportation
Potions
 d - a potion of might
Comestibles
 f - 5 rations


   Skills:
 + Level 3.4 Fighting
 + Level 2.0 Long Blades
 + Level 2.9 Armour
 + Level 3.4 Shields


You had 2 spell levels left.
You didn't know any spells.
Your spell library was empty.

Dungeon Overview and Level Annotations

Branches:
Dungeon (2/15)

Altars:

Annotations:
D:2 Terence


Innate Abilities, Weirdness & Mutations

Your body is rotting away.
You thrive on raw meat.
You are immune to poison.
You have sharp fingernails.
You are carnivorous and can eat meat at any time.
Your flesh is cold resistant. (rC+)
You are immune to negative energy. (rN+++)
You do not regenerate when monsters are visible.
You are immune to unholy pain and torment.
You can survive without breathing.


Message History

You block Terence's attack.
You closely miss Terence.
Terence is severely wounded.
Terence hits you but does no damage.
Your shield prevents you from hitting Terence.
Terence is severely wounded.
Terence says, "Time to say good-bye..."
You block Terence's attack.
Your shield and scale mail prevent you from hitting Terence.
Terence is severely wounded.
Terence hits you with a +0 hand axe.
* * * LOW HITPOINT WARNING * * *
You block Terence's attack.
You barely miss Terence.
Terence is severely wounded.
You block Terence's attack.
You hit Terence but do no damage.
Terence is severely wounded.
Terence hits you with a +0 hand axe.
You die...

......#.. .....
........##......
.................
.................
........#........
.................
.................
#.@@.........
#.#..$....... #
###........
#.>......
###........
#<.........
###........
....###.. #.....
.


You could see Terence.

Vanquished Creatures
  An adder (D:2)
  A leopard gecko (D:1)
  A ball python (D:1)
  4 bats (D:1)
  3 goblins (D:1)
  2 hobgoblins (D:1)
  2 kobolds (D:1)
  5 frilled lizards (D:1)
  A rat (D:1)
20 creatures vanquished.

Notes
Turn   | Place    | Note
-------+----------+-------------------------------------------
     0 | D:1      | Peloso the Ghoul Fighter began the quest for the Orb.
     0 | D:1      | Reached XP level 1. HP: 19/19 MP: 0/0
   225 | D:1      | Reached XP level 2. HP: 25/26 MP: 1/1
   945 | D:2      | Reached XP level 3. HP: 2/31 MP: 2/2
   946 | D:2      | Noticed Terence
   983 | D:2      | Slain by Terence

Illustrated notes

Levels and vault maps discovered:
D:1:      scummos_arrival_gate, layout_basic, minmay_pentomino_p2
D:2:      layout_basic, item_on_display_b, uniq_terence

Skill      XL: |  1  2 |
---------------+-------+-----
Shields        | 3 |  3.4
Long Blades    | 2 |  2.0
Fighting       | |  3.4
Armour         | |  2.9

Action                   || total
-------------------------++-------
Melee: Long sword        ||   159
  Use: Scroll            ||     1
       Potion            ||     1
  Eat: Chunk             ||     2
Armor: Scale mail        ||    85
Dodge: Dodged            ||    34
Block: Kite shield       ||    34
       Tower shield      ||    98
       Rpst.: Long sword ||    14
